EL
AKRON RUBBERDUCKS @ NEW HAMPSHIRE FISHER CATS
05/20/2099
 
TOP OF THE 1ST
Akron RubberDucks batting - Pitching for New Hampshire Fisher Cats : RHP Harry Reid
Pitching: RHP Harry Reid
Batting: RHB Gabe Trujillo 0-0: Fly out, F7 (Flyball, 7LSF, EV 93.1 MPH)
Batting: RHB Mike Barrett 0-0: Ball
1-0: Foul Ball, location: 2F
1-1: Called Strike
1-2: Ball
2-2: Ball
3-2: Foul Ball, location: 3F
3-2: SINGLE (Flyball, 6MD, EV 92.5 MPH)
Batting: RHB Jake Wahlstrom 0-0: Ball
1-0: Grounds into double play, 4-6-3 (Groundball, 34, EV 102.5 MPH)
Top of the 1st over - 0 runs, 1 hit, 0 errors, 0 left on base; Akron 0 - New Hampshire 0
BOTTOM OF THE 1ST
New Hampshire Fisher Cats batting - Pitching for Akron RubberDucks : RHP Mario Trujillo
Pitching: RHP Mario Trujillo
Batting: LHB Dan Richins 0-0: Called Strike
0-1: Ball
1-1: Ball
2-1: Swinging Strike
2-2: Foul Ball, location: 2F
2-2: Ball
3-2: Foul Ball, location: 3DF
3-2: Fly out, F7 (Line Drive, 7S, EV 104.4 MPH)
Batting: RHB Matt Larsen 0-0: Swinging Strike
0-1: Ground out 4-3 (Groundball, 4, EV 86.9 MPH)
Batting: RHB Walt Baranyi 0-0: Called Strike
0-1: Ball
1-1: Ball
2-1: Called Strike
2-2: Ground out 6-3 (Groundball, 6, EV 103.8 MPH)
Bottom of the 1st over - 0 runs, 0 hits, 0 errors, 0 left on base; Akron 0 - New Hampshire 0
TOP OF THE 2ND
Akron RubberDucks batting - Pitching for New Hampshire Fisher Cats : RHP Harry Reid
Batting: SHB Roger Gallacher 0-0: Ball
1-0: Foul Ball, location: 2F
1-1: Foul Ball, location: 2F
1-2: Ball
2-2: Ground out 4-3 (Groundball, 4, EV 98.8 MPH)
Batting: RHB Jerome Bathgate 0-0: Foul Ball, location: 5FF
0-1: Swinging Strike
0-2: Ball
1-2: Foul Ball, location: 9LSF
1-2: Ball
2-2: Ball
3-2: Foul Ball, location: 3F
3-2: Ground out 6-3 (Groundball, 6, EV 104.4 MPH)
Batting: RHB Matt Wescoat 0-0: Ball
1-0: Swinging Strike
1-1: Ball
2-1: SINGLE (Line Drive, 7S, EV 103.1 MPH)
Batting: LHB Jeff O'Dell 0-0: Ball
1-0: Fly out, F7 (Flyball, 7LM, EV 96.9 MPH)
Top of the 2nd over - 0 runs, 1 hit, 0 errors, 1 left on base; Akron 0 - New Hampshire 0
BOTTOM OF THE 2ND
New Hampshire Fisher Cats batting - Pitching for Akron RubberDucks : RHP Mario Trujillo
Batting: SHB Jody Holman 0-0: Called Strike
0-1: Fly out, F8 (Flyball, 89D, EV 106.3 MPH)
Batting: RHB Pablo Pizarro 0-0: Fly out, F7 (Line Drive, 7, EV 86.9 MPH)
Batting: RHB Matt Robertson 0-0: Foul Ball, location: 5F
0-1: Foul Ball, location: 2F
0-2: Ball
1-2: Ground out 6-3 (Groundball, 6, EV 84.4 MPH)
Bottom of the 2nd over - 0 runs, 0 hits, 0 errors, 0 left on base; Akron 0 - New Hampshire 0
TOP OF THE 3RD
Akron RubberDucks batting - Pitching for New Hampshire Fisher Cats : RHP Harry Reid
Batting: RHB Carlos Adame 0-0: Ball
1-0: Fly out, F8 (Flyball, 8RD, EV 103.1 MPH)
Batting: RHB Jeff Clark 0-0: SINGLE (Line Drive, 5D, EV 95.6 MPH)
Batting: RHB Gabe Trujillo 0-0: Called Strike
0-1: Foul Ball, location: 2F
0-2: Ball
1-2: Ball
2-2: Fly out, F9 (Flyball, 9, EV 83.8 MPH)
Batting: RHB Mike Barrett 0-0: Called Strike
0-1: Called Strike
0-2: 2-RUN HOME RUN (Flyball, 89XD, EV 105.0 MPH), Distance : 435 ft
Batting: RHB Jake Wahlstrom 0-0: Called Strike
0-1: Ground out 1-3 (Groundball, 13S, EV 68.8 MPH)
Top of the 3rd over - 2 runs, 2 hits, 0 errors, 0 left on base; Akron 2 - New Hampshire 0
BOTTOM OF THE 3RD
New Hampshire Fisher Cats batting - Pitching for Akron RubberDucks : RHP Mario Trujillo
Batting: LHB Dave Tolbert 0-0: Foul Ball, location: 3F
0-1: Foul Ball, location: 2LF
0-2: Ball
1-2: Ball
2-2: Foul Ball, location: 7LSF
2-2: Ball
3-2: Strikes out swinging
Batting: RHB Paul Mulligan 0-0: Called Strike
0-1: Ball
1-1: Swinging Strike
1-2: Ball
2-2: Fly out, F7 (Line Drive, 7LM, EV 93.1 MPH)
Batting: RHB Jose Grijalva 0-0: Fly out, F9 (Line Drive, 9, EV 106.9 MPH)
Bottom of the 3rd over - 0 runs, 0 hits, 0 errors, 0 left on base; Akron 2 - New Hampshire 0
TOP OF THE 4TH
Akron RubberDucks batting - Pitching for New Hampshire Fisher Cats : RHP Harry Reid
Batting: SHB Roger Gallacher 0-0: Foul Ball, location: 7LDF
0-1: Ground out 4-3 (Groundball, 4MS, EV 91.3 MPH)
Batting: RHB Jerome Bathgate 0-0: Foul Ball, location: 9LMF
0-1: Foul Ball, location: 9LDF
0-2: Ball
1-2: Ball
2-2: Ball
3-2: Ground out 5-3 (Groundball, 56, EV 81.3 MPH)
Batting: RHB Matt Wescoat 0-0: Ball
1-0: Ball
2-0: Ball
3-0: Called Strike
3-1: Fly out, F8 (Line Drive, 8LS, EV 98.1 MPH)
Top of the 4th over - 0 runs, 0 hits, 0 errors, 0 left on base; Akron 2 - New Hampshire 0
BOTTOM OF THE 4TH
New Hampshire Fisher Cats batting - Pitching for Akron RubberDucks : RHP Mario Trujillo
Batting: LHB Dan Richins 0-0: Ball
1-0: Foul Ball, location: 7LSF
1-1: Ball
2-1: DOUBLE (Line Drive, 89D, EV 106.3 MPH)
Batting: RHB Matt Larsen 0-0: Foul Ball, location: 2F
0-1: Ball
1-1: Foul Ball, location: 2F
1-2: Foul Ball, location: 9LMF
1-2: Ball
2-2: Fly out, F8 (Flyball, 8LD, EV 98.1 MPH)
Batting: RHB Walt Baranyi 0-0: 2-RUN HOME RUN (Flyball, 78XD, EV 111.9 MPH), Distance : 432 ft
Batting: SHB Jody Holman 0-0: Ground out 6-3 (Groundball, 6M, EV 84.4 MPH)
Batting: RHB Pablo Pizarro 0-0: Ball
1-0: Ball
2-0: Foul Ball, location: 9LDF
2-1: Ball
3-1: Base on Balls
Batting: RHB Matt Robertson 0-0: Foul Ball, location: 3F
0-1: Ground out 5-3 (Groundball, 56S, EV 85.0 MPH)
Bottom of the 4th over - 2 runs, 2 hits, 0 errors, 1 left on base; Akron 2 - New Hampshire 2
TOP OF THE 5TH
Akron RubberDucks batting - Pitching for New Hampshire Fisher Cats : RHP Harry Reid
Batting: LHB Jeff O'Dell 0-0: Ball
1-0: Called Strike
1-1: Ball
2-1: Swinging Strike
2-2: Ball
3-2: Base on Balls
Batting: RHB Carlos Adame 0-0: Called Strike
0-1: Grounds into double play, 6-4-3 (Groundball, 6, EV 80.0 MPH)
Batting: RHB Jeff Clark 0-0: Ball
1-0: Called Strike
1-1: Ball
2-1: Foul Ball, location: 2F
2-2: Strikes out swinging
Top of the 5th over - 0 runs, 0 hits, 0 errors, 0 left on base; Akron 2 - New Hampshire 2
BOTTOM OF THE 5TH
New Hampshire Fisher Cats batting - Pitching for Akron RubberDucks : RHP Mario Trujillo
Batting: LHB Dave Tolbert 0-0: Ball
1-0: Called Strike
1-1: Swinging Strike
1-2: Foul Ball, location: 23F
1-2: SINGLE (Groundball, 3D, EV 96.3 MPH)
Batting: RHB Paul Mulligan 0-0: Ball
1-0: Bunt missed!
1-1: Ball
2-1: Sac Bunt to P - play at first, batter OUT! 1-3
Dave Tolbert to second
Batting: RHB Jose Grijalva 0-0: Ball
1-0: SINGLE (Line Drive, 4MD, EV 94.4 MPH)
Dave Tolbert to third
Runner from 3rd tries for Home, SAFE, throw by CF to home
Batting: LHB Dan Richins 0-0: Foul Ball, location: 23F
0-1: Ball
1-1: Foul Ball, location: 25F
1-2: Strikes out swinging
Batting: RHB Matt Larsen 0-0: Called Strike
0-1: Swinging Strike
Jose Grijalva is caught stealing 2nd base 2-4
Bottom of the 5th over - 1 run, 2 hits, 0 errors, 0 left on base; Akron 2 - New Hampshire 3
TOP OF THE 6TH
Akron RubberDucks batting - Pitching for New Hampshire Fisher Cats : RHP Harry Reid
Batting: RHB Gabe Trujillo 0-0: Foul Ball, location: 9LSF
0-1: Ground out 6-3 (Groundball, 6S, EV 81.3 MPH)
Batting: RHB Mike Barrett 0-0: Ball
1-0: Foul Ball, location: 5FF
1-1: Ball
2-1: Foul Ball, location: 2F
2-2: Foul Ball, location: 2F
2-2: Foul Ball, location: 5F
2-2: Ground out 3-1 (Groundball, 34, EV 85.0 MPH)
Batting: RHB Jake Wahlstrom 0-0: Foul Ball, location: 2F
0-1: Ground out 5-3 (Groundball, 56S, EV 66.9 MPH)
Top of the 6th over - 0 runs, 0 hits, 0 errors, 0 left on base; Akron 2 - New Hampshire 3
BOTTOM OF THE 6TH
New Hampshire Fisher Cats batting - Pitching for Akron RubberDucks : RHP Mario Trujillo
Batting: RHB Matt Larsen 0-0: Called Strike
0-1: Ball
1-1: Ground out 6-3 (Groundball, 6, EV 85.0 MPH)
Batting: RHB Walt Baranyi 0-0: Swinging Strike
0-1: Ball
1-1: Called Strike
1-2: Ball
2-2: Ball
3-2: Foul Ball, location: 5F
3-2: Fly out, F7 (Flyball, 7, EV 97.5 MPH)
Batting: SHB Jody Holman 0-0: Ball
1-0: Ball
2-0: Swinging Strike
2-1: Fly out, F7 (Line Drive, 7LM, EV 99.4 MPH)
Bottom of the 6th over - 0 runs, 0 hits, 0 errors, 0 left on base; Akron 2 - New Hampshire 3
TOP OF THE 7TH
Akron RubberDucks batting - Pitching for New Hampshire Fisher Cats : RHP Harry Reid
Batting: SHB Roger Gallacher 0-0: Called Strike
0-1: Foul Ball, location: 7LMF
0-2: SINGLE (Line Drive, 89S, EV 90.6 MPH)
Batting: RHB Jerome Bathgate 0-0: Ball
1-0: Ball
2-0: Called Strike
2-1: Foul Ball, location: 25F
2-2: Fly out, F8 (Flyball, 8LM, EV 88.8 MPH)
Pinch Hitting: LHB Micah Cannon 0-0: Swinging Strike
0-1: Ball
1-1: Ball
2-1: Foul Ball, location: 3DF
2-2: Ground out U3 (Groundball, 3S, EV 67.5 MPH)
Roger Gallacher to second
Pitching: LHP Chris Hankerson
Pinch Hitting: RHB Harrison DeLoach 0-0: Called Strike
0-1: Called Strike
0-2: Fly out, F9 (Flyball, 9LM, EV 106.9 MPH)
Top of the 7th over - 0 runs, 1 hit, 0 errors, 1 left on base; Akron 2 - New Hampshire 3
BOTTOM OF THE 7TH
New Hampshire Fisher Cats batting - Pitching for Akron RubberDucks : RHP Mario Trujillo
Now at 1B: Harrison DeLoach
Now at 2B: Roger Gallacher
Now at SS: Mike Barrett
Now in RF: Micah Cannon
Batting: RHB Pablo Pizarro 0-0: Called Strike
0-1: Ball
1-1: Ball
2-1: Ball
3-1: SINGLE (Groundball, 34D, EV 98.1 MPH)
Batting: RHB Matt Robertson 0-0: Called Strike
0-1: Called Strike
0-2: Ball
1-2: Ball
2-2: Strikes out looking
Batting: LHB Dave Tolbert 0-0: Called Strike
0-1: Foul Ball, location: 23F
0-2: SINGLE (Line Drive, 6D, EV 100.0 MPH)
Pablo Pizarro to second
Batting: RHB Paul Mulligan 0-0: Ball
1-0: Fly out, F8 (Flyball, 8RD, EV 100.6 MPH)
Batting: RHB Jose Grijalva 0-0: Ball
1-0: Ball
2-0: Ball
3-0: Called Strike
3-1: Swinging Strike
3-2: Ground out 6-3 (Groundball, 6S, EV 79.4 MPH)
Bottom of the 7th over - 0 runs, 2 hits, 0 errors, 2 left on base; Akron 2 - New Hampshire 3
TOP OF THE 8TH
Akron RubberDucks batting - Pitching for New Hampshire Fisher Cats : LHP Chris Hankerson
Pitching: RHP Angel Hinojosa
Now at 1B: Julio Correa
Batting: RHB Carlos Adame 0-0: Called Strike
0-1: Ball
1-1: Called Strike
1-2: Ground out 5-3 (Groundball, 56S, EV 88.1 MPH)
Pinch Hitting: LHB Bruce Benevides 0-0: Swinging Strike
0-1: Foul Ball, location: 9LSF
0-2: Foul Ball, location: 7LSF
0-2: Foul Ball, location: 7LMF
0-2: Strikes out swinging
Batting: RHB Gabe Trujillo 0-0: SINGLE (Groundball, 34D, EV 94.4 MPH)
Batting: RHB Mike Barrett 0-0: Called Strike
0-1: Swinging Strike
0-2: Ball
1-2: Ball
2-2: Ball
3-2: Ground out 4-3 (Groundball, 4, EV 82.5 MPH)
Top of the 8th over - 0 runs, 1 hit, 0 errors, 1 left on base; Akron 2 - New Hampshire 3
BOTTOM OF THE 8TH
New Hampshire Fisher Cats batting - Pitching for Akron RubberDucks : RHP Mario Trujillo
Pitching: RHP Marty Olmedo
Now in LF: Vic Calhoun
Batting: LHB Dan Richins 0-0: Called Strike
0-1: Ball
1-1: Ground out 4-3 (Groundball, 4, EV 85.0 MPH)
Batting: RHB Matt Larsen 0-0: Ball
1-0: Ball
2-0: Ground out 6-3 (Groundball, 6M, EV 103.8 MPH)
Batting: RHB Walt Baranyi 0-0: Ball
1-0: Ball
2-0: Called Strike
2-1: Ground out 3-1 (Groundball, 34S, EV 78.1 MPH)
Bottom of the 8th over - 0 runs, 0 hits, 0 errors, 0 left on base; Akron 2 - New Hampshire 3
TOP OF THE 9TH
Akron RubberDucks batting - Pitching for New Hampshire Fisher Cats : RHP Angel Hinojosa
Batting: RHB Jake Wahlstrom 0-0: Foul Ball, location: 2F
0-1: Ground out 6-3 (Groundball, 56, EV 77.5 MPH)
Batting: SHB Roger Gallacher 0-0: SINGLE (Line Drive, 9S, EV 100.0 MPH)
Batting: RHB Jerome Bathgate 0-0: Ball
1-0: Swinging Strike
1-1: Fly out, F5 (Popup, 56S, EV 80.6 MPH)
Batting: LHB Micah Cannon 0-0: Called Strike
0-1: Foul Ball, location: 2F
0-2: Ball
1-2: Ball
2-2: Strikes out looking
Top of the 9th over - 0 runs, 1 hit, 0 errors, 1 left on base; Akron 2 - New Hampshire 3
Monday, May 6th , 2024 - OOTP Baseball 24.11 Build 85